 Dungeon Crawl Stone Soup version 0.27.1-2-g3b301248ec (webtiles) character file.

Game seed: 4685569785011623543

78 Ruil the Chopper (level 4, -4/38 HPs)
             Began as a Minotaur Gladiator on Sept 25, 2021.
             Killed by divine providence
             ... invoked by an orc priest
              (14 damage)
             ... on level 3 of the Dungeon.
             The game lasted 00:10:50 (3742 turns).

Ruil the Chopper (Minotaur Gladiator)               Turns: 3742, Time: 00:10:51

Health: -4/38      AC:  6    Str: 19 (20) XL:     4   Next: 15%
Magic:  3/3        EV: 11    Int:  3 (5)  God:
Gold:   122        SH:  0    Dex:  8 (11) Spells: 3/3 levels left

rFire    . . .     SeeInvis .   a - +0 war axe
rCold    . . .     Faith    .   (no shield)
rNeg     . . .     Spirit   .   i - +0 ring mail
rPois    .         Reflect  .   c - +0 hat
rElec    .         Harm     .   (no cloak)
rCorr    .         Rampage  .   k - +0 pair of gloves
Will     .....                  (no boots)
Stlth    ..........             (no amulet)
HPRegen  1.12/turn              (no ring)
MPRegen  0.08/turn              (no ring)

@: unable to read
A: horns 2, retaliatory headbutt, regeneration 1, inability to read while
threatened
a: no special abilities


You were on level 3 of the Dungeon.
You visited 1 branch of the dungeon, and saw 3 of its levels.

You collected 122 gold pieces.

Inventory:

Hand Weapons
 a - a +0 war axe (weapon)
Missiles
 d - 3 throwing nets (quivered)
Armour
 b - a +0 leather armour
 c - a +0 hat (worn)
 i - a +0 ring mail (worn)
 k - a +0 pair of gloves (worn)
Scrolls
 e - 3 scrolls of identify {unknown}
 g - 4 scrolls of teleportation {unknown}
Potions
 f - a potion of degeneration
 h - a potion of might
 j - a potion of berserk rage


   Skills:
 + Level 3.2 Fighting
 + Level 4.7 Axes
 + Level 2.0 Throwing
 + Level 1.6 Armour
 + Level 3.9 Dodging


You had 3 spell levels left.
You didn't know any spells.
Your spell library was empty.

Dungeon Overview and Level Annotations

Branches:
Dungeon (3/15)

Altars:


Innate Abilities, Weirdness & Mutations

You have a pair of horns on your head.
You reflexively headbutt those who attack you in melee.
Your natural rate of healing is unusually fast.
You sometimes lose the ability to read scrolls when taking damage.


Message History

The orc priest hits you with a +0 mace.
You closely miss the orc priest. Your headbutt misses the orc priest.
An orc priest comes into view. It is wielding a +0 whip.
The orc priest hits you with a +0 mace.
You closely miss the orc priest. You headbutt the orc priest.
The orc priest is lightly wounded.
The orc priest closely misses you.
The orc priest calls upon Beogh to heal the orc priest.
The orc priest's wounds heal themselves!
You barely miss the orc priest. Your headbutt misses the orc priest.
The orc priest closely misses you.
You hit the orc priest.
The orc priest is moderately wounded.
The orc priest hits you but does no damage.
The orc priest invokes the aid of Beogh against you.
Beogh smites you!
* * * LOW HITPOINT WARNING * * *
You closely miss the orc.
The orc priest calls upon Beogh to heal the orc priest.
The orc priest is healed somewhat.
A bat comes into view.
The orc barely misses you.
You slash the orc!
The orc is almost dead.
The orc hits you with a +0 whip.
You hit the orc but do no damage.
The orc is almost dead.
The orc hits you with a +0 whip.
* * * LOW HITPOINT WARNING * * *
You hit the orc.
You kill the orc!
The orc priest hits you with a +0 whip.
* * * LOW HITPOINT WARNING * * *
You feel your intelligence returning.
You hit the orc priest but do no damage.
The orc priest is lightly wounded.
Your ring mail prevents you from hitting the orc priest.
The orc priest mumbles some strange prayers to Beogh against you.
Beogh smites you!
You die...

#.#..#.###.#.)##... .#
#.
#.#..#.###.#..####.#.#
#.#..#.............#
#.#..##.#..##.######
#.... .....##.# ..
###.....#..##.# .#
..#####..##.# .#
#..##.##.# #.....@o.#
#.###o##...<..#
..b....>..##
.....####.### #####.#
.# #.# # #.# #.#


You could see 2 orc priests and a bat.

Vanquished Creatures
  An adder (D:2)
  A shadow imp (D:3)
  A worm (D:2)
  A dart slug (D:1)
  3 orcs (D:3)
  4 bats
  7 endoplasms
  4 hobgoblins
  2 kobolds
  A quokka (D:1)
  6 ball pythons
  4 frilled lizards
  9 goblins
  8 rats
52 creatures vanquished.

Notes
Turn   | Place    | Note
-------+----------+-------------------------------------------
     0 | D:1      | Ruil the Minotaur Gladiator began the quest for the Orb.
     0 | D:1      | Reached XP level 1. HP: 18/18 MP: 0/0
   223 | D:1      | Reached skill level 4 in Axes
   223 | D:1      | Reached XP level 2. HP: 20/25 MP: 1/1
   908 | D:2      | Reached XP level 3. HP: 23/31 MP: 2/2
  1470 | D:2      | Reached skill level 1 in Armour
  3463 | D:2      | Gained mutation: Your natural rate of healing is unusually
                  | fast. [potion of mutation]
  3463 | D:2      | Gained mutation: You sometimes lose the ability to read
                  | scrolls when taking damage. [potion of mutation]
  3719 | D:3      | Reached XP level 4. HP: 38/38 MP: 3/3
  3742 | D:3      | Killed from afar by an orc priest

Illustrated notes

Levels and vault maps discovered:
D:1:      saegor_arrival_under_anarchy, layout_rooms
D:2:      layout_basic
D:3:      layout_loops_ring

Skill      XL: |  1  2  3 |
---------------+----------+-----
Axes           | 4 |  4.7
Fighting       | 3 |  3.2
Armour         | 1 |  1.6
Throwing       | |  2.0
Dodging        | |  3.9

Action                   |  1- 3 |  4- 6 || total
-------------------------+-------+-------++-------
Melee: War axe           |    77 |    10 ||    87
       Headbutt          |    12 |     2 ||    14
  Use: Potion            |     4 |       ||     4
Armor: Leather armour    |    25 |       ||    25
       Ring mail         |     4 |     1 ||     5
Dodge: Dodged            |    59 |     4 ||    63
